 Dungeon Crawl Stone Soup version 0.18.1-5-g4a78601 (webtiles) character file.

15732 protoss039 the Blocker (level 12, -23/73 HPs)
             Began as a Gargoyle Fighter on May 12, 2016.
             Was the Champion of Cheibriados.
             Annihilated by an enormous slime creature (53 damage)
             ... on level 12 of the Dungeon.
             The game lasted 01:38:02 (11600 turns).

protoss039 the Blocker (Gargoyle Fighter)          Turns: 11600, Time: 01:38:02

Health: -23/73     AC: 22    Str: 46    XL:     12   Next: 30%
Magic:  12/12      EV: 19    Int: 23    God:    Cheibriados [******]
Gold:   806        SH: 16    Dex: 26    Spells: 0 memorised, 11 levels left

rFire  . . .     SeeInvis +     L - +4 mace
rCold  . . .     Gourm    .     I - +0 troll leather armour
rNeg   + . .     Faith    .     h - +0 shield
rPois  ∞         Spirit   .     v - +0 helmet
rElec  +         Dismiss  .     y - +1 cloak
rCorr  .         Reflect  .     n - +0 pair of gloves
SustAt .         Harm     .     u - +1 pair of boots
MR     .....                    e - amulet "Yviac" {RegenMP Str+2 SInv}
Stlth  +++.......               z - +4 ring of slaying
                                R - +5 ring of strength

@: about to teleport, very slow, not resistant to hostile enchantments, fairly
stealthy
A: negative energy resistance 1, electricity resistance, unbreathing,
petrification resistance, rot immunity, AC +8
a: Bend Time, Temporal Distortion, Slouch, Step From Time, Renounce Religion


You were on level 12 of the Dungeon.
You worshipped Cheibriados.
Cheibriados was exalted by your worship.
You were not hungry.

You visited 2 branches of the dungeon, and saw 13 of its levels.

You collected 806 gold pieces.

Inventory:

Hand Weapons
 L - a +4 mace (weapon)
Armour
 h - a +0 shield (worn)
 n - a +0 pair of gloves (worn)
 u - a +1 pair of boots (worn)
 v - a +0 helmet (worn)
 y - a +1 cloak (worn)
 I - a +0 troll leather armour (worn)
Jewellery
 e - the amulet "Yviac" (around neck) {RegenMP Str+2 SInv}
   (You found it on level 9 of the Dungeon)

   [amulet of magic regeneration]

   It increases your magic regeneration.
   It affects your strength (+2).
   It lets you see invisible.
 r - an uncursed ring of teleportation
 z - a +4 ring of slaying (right hand)
 K - an uncursed ring of protection from fire
 M - an uncursed ring of protection from cold
 R - a +5 ring of strength (left hand)
Wands
 x - a wand of paralysis (0/24)
 Q - a wand of polymorph (6/24)
Scrolls
 b - 3 scrolls of enchant weapon
 g - 7 scrolls of remove curse
 l - 6 scrolls of amnesia
 m - 2 scrolls of fog
 B - a scroll of identify
 F - a scroll of recharging
 J - a scroll of vulnerability
 O - 3 scrolls of summoning
 S - a scroll of enchant armour
 T - 2 scrolls of magic mapping
Potions
 c - 3 potions of heal wounds
 d - a potion of might
 j - 4 potions of flight
 p - a potion of lignification
 q - 3 potions of magic
 t - a potion of haste {unknown}
 w - 2 potions of brilliance
 C - 2 potions of curing
 H - a potion of cancellation {unknown}
 P - 2 potions of mutation
Comestibles
 f - 12 bread rations
 i - 5 fruits
 k - a slice of pizza
 o - a royal jelly
 D - 7 beef jerkies
 G - 2 chunks of flesh
 N - 2 meat rations
 U - 4 mutagenic chunks of flesh


   Skills:
 + Level 8.1 Fighting
 + Level 9.8 Maces & Flails
 + Level 8.9 Armour
 + Level 7.3 Dodging
 + Level 4.6 Stealth
 + Level 11.5 Shields
 + Level 0.6 Evocations


You had 11 spell levels left.
You didn't know any spells.

Dungeon Overview and Level Annotations

Branches:
Dungeon (12/15)            Temple (1/1) D:4            Lair (0/8) D:11
    Orc (0/2) D:9

Altars:
Ashenzari
Cheibriados
Dithmenos
Elyvilon
Fedhas
Gozag
Kikubaaqudgha
Makhleb
Nemelex Xobeh
Okawaru
Pakellas
Qazlal
Ru
Sif Muna
Trog
Vehumet
Xom
Yredelemnul
Zin
The Shining One


Innate Abilities, Weirdness & Mutations

You are resistant to torment.
Your stone body is resilient (AC +8).
You are immune to poison.
You resist negative energy.
You are resistant to electric shocks.
You can survive without breathing.
You are immune to petrification.
You are immune to rotting.


Message History

You block the enormous slime creature's attack.
You bludgeon the enormous slime creature!!
The enormous slime creature is moderately wounded.
You block the enormous slime creature's attack.
You hit the enormous slime creature.
The enormous slime creature is heavily wounded.
You block the enormous slime creature's attack.
You thump the enormous slime creature!
The enormous slime creature is heavily wounded.
You block the enormous slime creature's attack.
You sock the enormous slime creature!
The enormous slime creature is heavily wounded.
The enormous slime creature hits you!!!
Ouch! That really hurt!
* * * LOW HITPOINT WARNING * * *
You feel much better. The enormous slime creature misses you.
As you read the scroll of teleportation, it crumbles to dust.
You feel strangely unstable. The enormous slime creature hits you!!!
Ouch! That really hurt!
You die...

#....... #...... #....#
.###+#....#
#...........####
#.########.....#
#.#......#Y....#
#.#......#J#####
#.#......#@# #.####'###.#
#..........#
##..........#
#...........#
###.......[.# #.........#
#.#####...#############
#.#...#.................#


You could see an enormous slime creature and a sky beast.

Vanquished Creatures
  The ghost of dcss12345 the Fighter, a novice MiBe of Trog (D:7)
  Nergalle (D:10)
  Pikel (D:7)
  An ugly thing (D:11)
  An oklob plant (D:6)
  3 gargoyles (D:10)
  2 trolls
  A slime creature (D:12)
  A wraith (D:10)
  2 wyverns
  21 yaks
  Grum (D:10)
  A hungry ghost (D:8)
  4 hippogriffs
  2 soldier ants (D:10)
  Duvessa (D:7)
  4 water moccasins
  9 orc warriors
  3 ice beasts
  5 sky beasts
  A slave (D:7)
  A black bear (D:11)
  2 wolves (D:10)
  9 ogres
  6 centaurs
  A crocodile (D:10)
  3 phantoms
  5 big kobolds
  5 gnoll sergeants
  8 giant frogs
  Dowan (D:7)
  A water moccasin skeleton (D:8)
  6 scorpions
  4 howler monkeys
  8 crimson imps
  A centaur zombie (D:12)
  A giant frog zombie (D:8)
  4 hounds
  3 jellies
  Crazy Yiuf (D:3)
  8 orc priests
  2 centaur skeletons
  A giant frog skeleton (D:12)
  4 iguanas
  10 orc wizards
  12 worker ants
  A killer bee zombie (D:10)
  2 hound zombies
  4 worker ant zombies
  A gnoll (D:9)
  7 adders
  A river rat (D:11)
  4 shadow imps (D:5)
  An ooze (D:1)
  An adder skeleton (D:6)
  A worm (D:2)
  4 dart slugs
  7 giant geckos
  46 orcs
  9 bats
  6 giant cockroaches
  9 goblins
  14 hobgoblins
  4 jackals (D:6)
  3 quokkas
  2 ball pythons
  2 giant newts
  A jackal skeleton (D:3)
  13 kobolds
  4 rats
  2 butterflies (D:10)
  A plant (D:11)
323 creatures vanquished.

Vanquished Creatures (others)
  A slave (D:7)
  An adder (D:7)
  A quokka (D:7)
  A fungus (D:11)
4 creatures vanquished.

Grand Total: 327 creatures vanquished

Notes
Turn   | Place    | Note
--------------------------------------------------------------
     0 | D:1      | protoss039 the Gargoyle Fighter began the quest for the Orb.
     0 | D:1      | Reached XP level 1. HP: 14/14 MP: 1/1
   176 | D:1      | Reached XP level 2. HP: 19/19 MP: 2/2
   703 | D:1      | Reached XP level 3. HP: 23/23 MP: 3/3
  1188 | D:2      | Reached skill level 4 in Shields
  1213 | D:2      | Found a blossoming altar of Fedhas.
  1543 | D:2      | Reached XP level 4. HP: 29/29 MP: 4/4
  1780 | D:2      | Reached skill level 1 in Dodging
  2473 | D:2      | Reached XP level 5. HP: 27/33 MP: 5/5
  2543 | D:3      | Noticed Crazy Yiuf
  2549 | D:3      | Paralysed by Crazy Yiuf for 3 turns
  2555 | D:3      | Killed Crazy Yiuf
  2688 | D:3      | Found a snail-covered altar of Cheibriados.
  2689 | D:3      | Found a sacrificial altar of Ru.
  2689 | D:3      | Found an oddly glowing altar of Pakellas.
  2689 | D:3      | Found a radiant altar of Vehumet.
  2695 | D:3      | Found a bloodstained altar of Trog.
  2695 | D:3      | Found an opulent altar of Gozag.
  2933 | D:4      | Reached XP level 6. HP: 38/38 MP: 6/6
  3051 | D:4      | Reached skill level 5 in Shields
  3296 | D:4      | Found a staircase to the Ecumenical Temple.
  3312 | Temple   | Entered the Ecumenical Temple
  3559 | D:3      | Became a worshipper of Cheibriados the Contemplative
  3947 | D:4      | Reached XP level 7. HP: 44/44 MP: 7/7
  4067 | D:5      | Entered Level 5 of the Dungeon
  4132 | D:5      | Got a steaming chain mail
  4133 | D:5      | Identified the cursed +1 chain mail of the Apprentice {Int+5} (You found it on level 5 of the Dungeon)
  4192 | D:5      | Reached skill level 5 in Armour
  4272 | D:5      | Reached skill level 1 in Stealth
  4640 | D:5      | Reached * piety under Cheibriados
  4760 | D:5      | Reached XP level 8. HP: 43/48 MP: 8/8
  5108 | D:6      | Found a white marble altar of Elyvilon.
  5109 | D:6      | Noticed an oklob plant
  5125 | D:6      | Killed an oklob plant
  5125 | D:6      | Reached skill level 5 in Fighting
  5125 | D:6      | Reached skill level 5 in Maces & Flails
  5125 | D:6      | Reached skill level 6 in Shields
  5579 | D:6      | Reached XP level 9. HP: 54/54 MP: 9/9
  5905 | D:7      | Noticed dcss12345's ghost (novice MiBe)
  5951 | D:7      | Killed dcss12345's ghost
  5951 | D:7      | Reached skill level 7 in Shields
  6137 | D:7      | Noticed Pikel
  6199 | D:7      | Killed Pikel
  6321 | D:7      | Reached ** piety under Cheibriados
  6567 | D:7      | Noticed Dowan
  6569 | D:7      | Noticed Duvessa
  6598 | D:7      | Killed Duvessa
  6610 | D:7      | Killed Dowan
  6726 | D:7      | Reached XP level 10. HP: 27/60 MP: 10/10
  7074 | D:7      | Got a translucent scale mail
  7085 | D:7      | Identified the +2 scale mail of Kleptomania {*Drain Regen+ MP+9 Stlth-} (You found it on level 7 of the Dungeon)
  7146 | D:7      | Reached skill level 8 in Shields
  7296 | D:8      | Reached *** piety under Cheibriados
  8202 | D:9      | Found a glowing golden altar of the Shining One.
  8269 | D:9      | Got a flickering zirconium amulet
  8341 | D:9      | Reached **** piety under Cheibriados
  8375 | D:9      | Reached skill level 5 in Dodging
  8449 | D:9      | Found a staircase to the Orcish Mines.
  8547 | D:8      | Reached skill level 9 in Shields
  8845 | D:9      | Identified the amulet "Yviac" {RegenMP Str+2 SInv} (You found it on level 9 of the Dungeon)
  9014 | D:10     | Entered Level 10 of the Dungeon
  9053 | D:10     | Reached XP level 11. HP: 66/66 MP: 11/11
  9173 | D:10     | Noticed Grum
  9202 | D:10     | Killed Grum
  9343 | D:10     | Noticed Nergalle
  9359 | D:10     | Killed Nergalle
  9359 | D:10     | Reached skill level 10 in Shields
  9385 | D:10     | You fall through a shaft!
  9385 | D:11     | Found a staircase to the Lair.
  9755 | D:11     | Noticed a red ugly thing
  9768 | D:11     | Killed a red ugly thing
  9796 | D:11     | Reached ***** piety under Cheibriados
 10487 | D:10     | Found a runed door.
 10510 | D:10     | Found a runed door.
 10687 | D:10     | Reached skill level 11 in Shields
 10903 | D:10     | Reached XP level 12. HP: 73/73 MP: 12/12
 11481 | D:12     | Reached ****** piety under Cheibriados
 11600 | D:12     | Annihilated by an enormous slime creature

Skill      XL: |  1  2  3  4  5  6  7  8  9 10 11 12 |
---------------+-------------------------------------+-----
Shields        | 4 5 6 7 9 11 | 11.5
Dodging        | 1 2 3 4 5 7 |  7.3
Armour         | 4 5 6 8 |  8.9
Fighting       | 4 5 6 7 8 |  8.1
Maces & Flails | 3 4 5 6 8 9 |  9.8
Stealth        | 1 3 4 |  4.6
Evocations     | |  0.6

Action                   |  1- 3 |  4- 6 |  7- 9 | 10-12 || total
-------------------------+-------+-------+-------+-------++-------
Melee: Flail             |   140 |   218 |   342 |       ||   700
       Whip              |       |       |   135 |   158 ||   293
       Mace              |       |       |       |   730 ||   730
Evoke: Wand              |       |       |     4 |       ||     4
  Use: Scroll            |     3 |    10 |     7 |    13 ||    33
       Potion            |       |     1 |     2 |     8 ||    11
 Stab: Paralysed         |       |       |     7 |       ||     7
       Sleeping          |       |       |       |     6 ||     6
  Eat: Chunk             |     1 |     5 |     3 |    11 ||    20
       Meat ration       |       |     1 |       |       ||     1
       Beef jerky        |       |       |     2 |     3 ||     5
Armor: Scale mail        |    67 |     5 |       |   242 ||   314
       Chain mail        |       |   163 |   222 |     1 ||   386
       Ring mail         |       |     6 |     1 |       ||     7
       Skin              |       |       |    29 |       ||    29
       Troll leather arm |       |       |       |    43 ||    43
Dodge: Dodged            |    44 |    59 |   110 |   364 ||   577
Block: Shield            |    75 |   131 |   244 |   674 ||  1124
